QQQQQ, chaotic female human Rogue ---- #...| ###|..| # |..| ---------- ------------- ### |..| |........| |`.........`-# # --.- |........-######## |.....`.....|###*################ ### ## |.......<| # |...-----...| -----------# # # ---------- ### |...| |...| ......>...|### ### # |..`. |`..| |..^.C@.)..### ---.--- ### |...| |...| +.........|#####..)...| # |...-----...+ ----------- ###|.....| ##......`.....| #......| |`.........`| ------- ------------- QQQQQ the Rogue Experience level: 6 Strength: 15 Dexterity: 18 Constitution: 15 Intelligence: 9 Wisdom: 10 Charisma: 9 Health: 0(42) Energy: 24(24) Def: 8 Gold: 81 Moves: 4645 Dungeon seed: j_ww6NrT9dLHg0s1 Game ID: QQQQQ_1498588087 Your Inventory: Coins $ - 81 gold pieces Amulets U - a cursed amulet of restful sleep Weapons u - an uncursed +0 dwarvish short sword v - 4 uncursed +0 daggers of fire (wielded) Armor d - an uncursed +1 leather armor (being worn) n - an uncursed burnt +0 small shield (being worn) q - a blessed +2 orcish helm (being worn) r - a cursed +0 cloak of magic resistance (being worn) z - a cursed -1 pair of iron shoes (being worn) N - an uncursed +0 magical dwarvish cloak Y - a blessed +1 dwarvish mithril-coat Comestibles h - 2 uncursed tripe rations Potions b - a blessed potion of object detection W - an uncursed potion of paralysis Rings i - an uncursed ring of regeneration p - an uncursed ring of regeneration (on left hand) Tools a - an uncursed +0 pick-axe c - an uncursed tin whistle f - an uncursed sack g - an uncursed oil lamp (0:1240) R - a cursed can of grease (1:19) T - 2 cursed partly used wax candles (0:277) Z - an uncursed oil lamp (0:1364) Gems y - an uncursed fluorite stone Contents of the sack: 1245 gold pieces a cursed food ration a cursed scroll of amnesia a cursed scroll of identify a cursed scroll of light a cursed spellbook of create monster a cursed spellbook of force bolt an uncursed spellbook of knock a cursed spellbook of magic missile a cursed spellbook of restore ability an uncursed spellbook of slow monster a cursed potion of extra healing a cursed potion of healing 2 uncursed potions of sickness a potion of unholy water a cursed ring of polymorph a cursed wand of light (0:14) an uncursed wand of sleep (0:0) an uncursed wand of striking (0:5) Spells and supernatural/magical abilities: Name Level Category Fail Memory s - slow monster 2 enchantment 100% 82% W - pray for help -- divine ? -- Your skills at the end: Fighting Skills two weapon combat [Basic] wands [Basic] Weapon Skills dagger [Skilled] short sword [Basic] Spellcasting Skills Final Attributes: You were piously aligned. You were poison resistant. You were magic-protected. You were telepathic. You were stealthy. You regenerated. You are dead. Vanquished creatures: a ghost a leprechaun a dwarf lord a human zombie a rope golem a water nymph a rock piercer 2 shriekers 4 gnome lords a gnomish wizard a red naga hatchling a gray ooze a little dog a floating eye a kitten 6 dwarves 2 kobold lords 3 rothes a centipede a monkey 2 werejackals an iguana 3 coyotes a hobbit 4 manes a large kobold 3 giant rats 4 cave spiders 2 yellow molds 2 green molds 16 gnomes 3 garter snakes a gnome zombie 5 geckos 13 jackals 2 foxes a goblin 2 sewer rats 8 grid bugs 4 bats 6 lichens 10 newts 126 creatures vanquished. Voluntary challenges: You used a wielded weapon 110 times, starting on turn 16. You read items or engraved 4 times, starting on turn 878. You never genocided any monsters. You never polymorphed an object. You never changed form. You used no wishes. You never split a pudding. You never wrote Elbereth's name. You never violated your personal moral code. Dungeon overview: The Dungeons of Doom: levels 1 to 7 Level 1 a fountain a long staircase Level 2 a sink stairs to The Gnomish Mines Level 3 an altar to Issek, a fountain Level 4 a scroll shop Level 5 a fountain Level 6 an altar to Kos Level 7 <- You were here The Gnomish Mines: levels 3 to 5 Level 3 stairs to The Dungeons of Doom Level 4 Level 5 History has recorded: On T:1 you entered the Dungeons of Doom to retrieve the Amulet of Yendor! On T:290 you reached level 2 of The Dungeons of Doom. On T:468 you reached level 1 of The Gnomish Mines. On T:505 you advanced to experience level 2. On T:520 you advanced to experience level 3. On T:723 you reached level 3 of The Dungeons of Doom. On T:960 you reached level 4 of The Dungeons of Doom. On T:1002 you advanced to experience level 4. On T:1658 you advanced to experience level 5. On T:2116 you reached level 2 of The Gnomish Mines. On T:2259 you advanced to experience level 6. On T:2605 you reached level 3 of The Gnomish Mines. On T:3154 you reached level 5 of The Dungeons of Doom. On T:4054 you reached level 6 of The Dungeons of Doom. On T:4419 you reached level 7 of The Dungeons of Doom. Score breakdown: Gold: 1326 (10622 points) Experience: 6 levels (12456 points) Exploration: 7 levels ( 13.46%) (10289 points) Discoveries: 7 items ( 2.33%) ( 4582 points) Valuables value: (no points given unless you survive) Artifact value: 0 ( 0 points) Variety of kills: 42 monsters ( 10.97%) ( 9934 points) Turncount: 4645 turns (-1245 points) Survival: died (score multiplied by 80%) Total score: 37310 Latest messages: You are hit by a crossbow bolt! The plains centaur shoots a crossbow bolt! You are almost hit by a crossbow bolt. The plains centaur shoots a crossbow bolt! You are almost hit by a crossbow bolt. The silver dagger misses the plains centaur. The plains centaur shoots a crossbow bolt! You are almost hit by a crossbow bolt. The plains centaur picks up a silver dagger from the floor. The plains centaur is almost hit by a dart! The plains centaur picks up a dart from the floor. The plains centaur wields a silver dagger! The silver dagger welds itself to the plains centaur's hand! The weapon burns the plains centaur! The plains centaur hits! The plains centaur kicks! The plains centaur hits! The plains centaur kicks! You miss the plains centaur. The plains centaur hits! The plains centaur kicks! The plains centaur hits! The plains centaur misses. (2x) The plains centaur kicks! You die... Final status: Goodbye QQQQQ the Rogue, killed by a plains centaur... You died in The Dungeons of Doom on dungeon level 7 with 37310 points, and 1326 pieces of gold, after 4645 moves. You were level 6 with a maximum of 42 hit points when you died.